 Dungeon Sprint DCSS version 0.20-a0-739-g6bb112f (webtiles) character file.

3882 Kidiri the Thaumaturge (level 10, -1/91 HPs)
             Began as a Deep Elf Fire Elementalist on Feb 24, 2017.
             Was a High Priest of Vehumet.
             Slain by a killer bee (3 damage)
             ... in the Dungeon (Sprint III: "The Ten Rune Challenge").
             The game lasted 00:11:08 (1956 turns).

Kidiri the Thaumaturge (Deep Elf Fire Elementalist) Turns: 1956, Time: 00:11:08

Health: -1/91      AC:  3    Str: 10    XL:     10   Next: 0%
Magic:  22/30      EV: 19    Int: 24    God:    Vehumet [*****.]
Gold:   49         SH:  0    Dex: 15    Spells: 4/38 levels left

rFire    . . .     SeeInvis .   m - +1 dagger
rCold    . . .     Gourm    .   a - +0 robe
rNeg     . . .     Faith    .   (no shield)
rPois    .         Spirit   .   (no helmet)
rElec    .         Reflect  .   d - +0 cloak
rCorr    .         Harm     .   (no gloves)
MR       +....     NoTele   +   (no boots)
Stlth    ..........             (no amulet)
Regen    0.3/turn               (no ring)
MPRegen  0.3/turn               (no ring)

@: berserking, lethally poisoned (-1 -> -21), very slightly contaminated,
hasted, very quick
A: mutation resistance 1
a: Renounce Religion


You were in the Dungeon.
You worshipped Vehumet.
Vehumet was extremely pleased with you.
You were full.

You visited 1 branch You collected 49 gold pieces.

Inventory:

Hand Weapons
 m - a +1 dagger (weapon)
Armour
 a - a +0 robe (worn)
 d - a +0 cloak (worn)
Scrolls
 l - 2 scrolls of torment
 n - 2 scrolls of remove curse
Potions
 h - a potion of berserk rage
 j - a potion of might
 q - 2 potions of flight
 s - a potion of cancellation
Comestibles
 c - a bread ration


   Skills:
 + Level 6.5 Fighting
 + Level 6.7 Short Blades
 + Level 6.6 Armour
 + Level 9.7 Dodging
 - Level 2.4 Stealth
 * Level 14.5 Spellcasting
 + Level 8.7 Conjurations
 + Level 9.4 Fire Magic
 + Level 4.1 Ice Magic
 + Level 4.8 Air Magic
 + Level 4.7 Earth Magic
 + Level 1.3 Poison Magic


You had 4 spell levels left.
You knew the following spells:

 Your Spells              Type           Power        Failure   Level  Hunger
a - Flame Tongue          Conj/Fire      #####        1%          1    None
b - Throw Flame           Conj/Fire      ######       1%          2    None
c - Conjure Flame         Conj/Fire      ######..     1%          3    None
d - Inner Flame           Hex/Fire       #####...     1%          3    None
e - Ignite Poison         Fire/Tmut/Pois ####....     1%          3    None
f - Sticky Flame          Conj/Fire      ######..     1%          4    None
g - Fireball              Conj/Fire      ######....   1%          5    ##.....
h - Sandblast             Erth           #####.       1%          1    None
i - Stone Arrow           Conj/Erth      #####.       1%          3    None
j - Throw Icicle          Conj/Ice       #####...     1%          4    None
k - Shock                 Conj/Air       ####         1%          1    None
l - Airstrike             Air            #####.....   1%          4    None


Dungeon Overview and Level Annotations

Branches:
Dungeon (1/1)

Altars:
Cheibriados
Dithmenos
Elyvilon
Fedhas
Gozag
Hepliaklqana
Kikubaaqudgha
Makhleb
Nemelex Xobeh
Okawaru
Qazlal
Ru
Sif Muna
Trog
Uskayaw
Vehumet
Xom
Yredelemnul
Zin
The Shining One
Beogh
Jiyva
Lugonu

Annotations:
D exclusion: door


Innate Abilities, Weirdness & Mutations

You are somewhat resistant to further mutation.


Message History

You are lethally poisoned!
The killer bee poisons you! The killer bee barely misses you.
A red film seems to cover your vision as you go berserk!
You feel yourself moving faster!
You feel mighty!
You feel sick. The killer bee stings you!
* * * LOW HITPOINT WARNING * * *
The killer bee stings you.
* * * LOW HITPOINT WARNING * * *
You are more poisoned.
The killer bee poisons you! The killer bee barely misses you.
The killer bee completely misses you.
You puncture the killer bee!
The killer bee is severely wounded.
* * * LOW HITPOINT WARNING * * *
You feel sick.
The killer bee stings you but does no damage.
The killer bee stings you.
* * * LOW HITPOINT WARNING * * *
The killer bee stings you.
You die...

.#._# ##+## ....# ....# ###'#
#...#+###########################
#...#..).#.#.#.....#(.....'%%%≈≈#
#...##.#..#.##)###.#...(..#.y.≈≈#
#...'##.#†#†##.#@y##(.(...# yy≈≈≈
+...#...#..#).##yyyy......#


yyyy ▓▓▓▓▓▓▓▓▓▓▓▓▓▓▓▓▓▓#y..(.(.# %y. #.......# y% +..(....# y #(..((..#
##+###### You could see 6 killer bees.

Vanquished Creatures
  Erolcha (D)
  A deep elf mage (D)
  2 redbacks (D)
  A shadow (D)
  A spatial vortex (D)
  A necrophage (D)
  5 two-headed ogres (D)
  A water elemental (D)
  20 killer bees (D)
  A jelly (D)
  A wizard (D)
  Crazy Yiuf (D)
  A necromancer (D)
  3 humans (D)
  A kobold demonologist (D)
  2 oozes (D)
  2 rats (D)
45 creatures vanquished.

Vanquished Creatures (others)
  2 draconian scorchers (D)
  6 hellions (D)
  A yaktaur (D)
  A plant (D)
10 creatures vanquished.

Grand Total: 55 creatures vanquished

Notes
Turn   | Place    | Note
-------+----------+-------------------------------------------
     0 | D        | Kidiri the Deep Elf Fire Elementalist began the quest for the Orb.
     0 | D        | Reached XP level 1. HP: 10/10 MP: 6/6
    40 | D        | Reached skill level 1 in Fighting
    40 | D        | Reached skill level 4 in Spellcasting
    40 | D        | Reached XP level 2. HP: 16/16 MP: 6/9
    51 | D        | Learned a level 2 spell: Throw Flame
    53 | D        | Killed a yaktaur
    80 | D        | Killed a hellion
    81 | D        | Killed a hellion
   102 | D        | Killed a hellion
   127 | D        | Killed a hellion
   128 | D        | Killed a hellion
   137 | D        | Reached skill level 1 in Armour
   137 | D        | Reached skill level 5 in Spellcasting
   137 | D        | Reached XP level 3. HP: 13/20 MP: 8/11
   142 | D        | Learned a level 3 spell: Conjure Flame
   146 | D        | Learned a level 3 spell: Inner Flame
   231 | D        | Killed a hellion
   260 | D        | Noticed Crazy Yiuf
   261 | D        | Killed a white draconian scorcher
   262 | D        | Killed a white draconian scorcher
   267 | D        | Killed Crazy Yiuf
   267 | D        | Reached skill level 6 in Spellcasting
   297 | D        | Gained mutation: You tend to lose your temper in combat. [potion of mutation]
   297 | D        | Gained mutation: You have sharp fingernails. [potion of mutation]
   297 | D        | Gained mutation: You evolve. [potion of mutation]
   298 | D        | Lost mutation: You tend to lose your temper in combat. [potion of mutation]
   298 | D        | Lost mutation: You have sharp fingernails. [potion of mutation]
   298 | D        | Lost mutation: You evolve. [potion of mutation]
   298 | D        | Gained mutation: You occasionally shout uncontrollably at your foes. [potion of mutation]
   298 | D        | Gained mutation: Your magical capacity is low. (-10% MP) [potion of mutation]
   298 | D        | Gained mutation: You are somewhat resistant to further mutation. [potion of mutation]
   299 | D        | Lost mutation: You occasionally shout uncontrollably at your foes. [potion of mutation]
   299 | D        | Lost mutation: Your magical capacity is low. (-10% MP) [potion of mutation]
   311 | D        | Noticed a water elemental
   314 | D        | Killed a water elemental
   314 | D        | Reached skill level 7 in Spellcasting
   314 | D        | Reached XP level 4. HP: 27/27 MP: 5/15
   320 | D        | Learned a level 4 spell: Sticky Flame
   386 | D        | Found a radiant altar of Vehumet.
   387 | D        | Found a deep blue altar of Sif Muna.
   387 | D        | Found an ancient bone altar of Kikubaaqudgha.
   387 | D        | Noticed a wizard
   389 | D        | Killed a wizard
   389 | D        | Reached skill level 5 in Dodging
   389 | D        | Reached skill level 5 in Fire Magic
   389 | D        | Reached XP level 5. HP: 32/32 MP: 12/17
   411 | D        | Learned a level 5 spell: Fireball
   415 | D        | Became a worshipper of Vehumet
   463 | D        | Found a glowing silver altar of Zin.
   464 | D        | Found a glowing golden altar of the Shining One.
   464 | D        | Found a white marble altar of Elyvilon.
   464 | D        | Noticed a deep elf mage
   468 | D        | Noticed an ice beast
   475 | D        | Killed a deep elf mage
   475 | D        | Reached skill level 10 in Spellcasting
   475 | D        | Reached XP level 6. HP: 39/39 MP: 11/21
   475 | D        | Reached XP level 7. HP: 44/44 MP: 12/23
   535 | D        | Found a hide-covered altar of Uskayaw.
   535 | D        | Found a roughly hewn altar of Beogh.
   535 | D        | Found an iron altar of Okawaru.
   535 | D        | Found a bloodstained altar of Trog.
   535 | D        | Noticed a human
   538 | D        | Noticed a human
   540 | D        | Killed a human
   540 | D        | Killed a human
   540 | D        | Reached skill level 11 in Spellcasting
   540 | D        | Reached * piety under Vehumet
   540 | D        | Offered knowledge of Shock by Vehumet.
   540 | D        | Reached skill level 5 in Fighting
   543 | D        | Learned a level 1 spell: Shock
   612 | D        | Found a basalt altar of Yredelemnul.
   612 | D        | Found a shadowy altar of Dithmenos.
   612 | D        | Found a sacrificial altar of Ru.
   617 | D        | Reached skill level 5 in Armour
   617 | D        | Reached skill level 1 in Air Magic
   640 | D        | Noticed a shadow
   644 | D        | Offered knowledge of Sandblast by Vehumet.
   644 | D        | Reached ** piety under Vehumet
   657 | D        | Killed a shadow
   657 | D        | Reached skill level 5 in Short Blades
   657 | D        | Reached skill level 12 in Spellcasting
   657 | D        | Reached XP level 8. HP: 49/49 MP: 5/26
   660 | D        | Learned a level 1 spell: Sandblast
   761 | D        | Found a blossoming altar of Fedhas.
   761 | D        | Found a stormy altar of Qazlal.
   761 | D        | Found a snail-covered altar of Cheibriados.
   761 | D        | Found a burning altar of Makhleb.
   761 | D        | Found a shimmering altar of Xom.
   762 | D        | Found a hazy altar of Hepliaklqana.
   762 | D        | Found an opulent altar of Gozag.
   762 | D        | Found a sparkling altar of Nemelex Xobeh.
   762 | D        | Found a corrupted altar of Lugonu.
   762 | D        | Found a viscous altar of Jiyva.
   880 | D        | Offered knowledge of Stone Arrow by Vehumet.
   880 | D        | Reached skill level 1 in Earth Magic
   885 | D        | Learned a level 3 spell: Stone Arrow
   892 | D        | Reached *** piety under Vehumet
   965 | D        | Noticed a two-headed ogre
   974 | D        | Killed a two-headed ogre
   974 | D        | Offered knowledge of Throw Icicle by Vehumet.
   980 | D        | Learned a level 4 spell: Throw Icicle
  1063 | D        | Noticed a two-headed ogre
  1063 | D        | Noticed Erolcha
  1080 | D        | Killed a two-headed ogre
  1080 | D        | Reached skill level 13 in Spellcasting
  1080 | D        | Reached skill level 1 in Ice Magic
  1080 | D        | Reached XP level 9. HP: 55/55 MP: 5/28
  1082 | D        | Killed Erolcha
  1082 | D        | Reached **** piety under Vehumet
  1106 | D        | Offered knowledge of Ignite Poison by Vehumet.
  1115 | D        | Learned a level 3 spell: Ignite Poison
  1252 | D        | Noticed a queen bee
  1262 | D        | Reached skill level 14 in Spellcasting
  1266 | D        | Reached ***** piety under Vehumet
  1266 | D        | Offered knowledge of Airstrike by Vehumet.
  1292 | D        | Learned a level 4 spell: Airstrike
  1901 | D        | Reached skill level 1 in Poison Magic
  1942 | D        | Offered knowledge of Lightning Bolt by Vehumet.
  1954 | D        | Reached XP level 10. HP: 20/61 MP: 22/30
  1955 | D        | HP: 4/91 [killer bee (2)]
  1956 | D        | Slain by a killer bee

Vault maps used:
D:        dungeon_sprint_mu

Skill      XL: |  1  2  3  4  5  6  7  8  9 |
---------------+----------------------------+-----
Fighting       | 1 2 4 5 6 |  6.5
Spellcasting   | 4 5 7 10 12 13 14 | 14.5
Conjurations   | 2 3 4 6 7 8 |  8.7
Dodging        | 3 4 5 7 8 9 |  9.7
Armour         | 1 2 4 5 6 |  6.6
Fire Magic     | 4 5 6 7 8 9 |  9.4
Short Blades   | 3 5 6 |  6.7
Air Magic      | 1 3 4 |  4.8
Earth Magic    | 2 4 |  4.7
Ice Magic      | 1 4 |  4.1
Poison Magic   | 1 |  1.3
Stealth        | |  2.4

Action                   |  1- 3 |  4- 6 |  7- 9 | 10-12 || total
-------------------------+-------+-------+-------+-------++-------
Melee: Unarmed           |       |     1 |       |       ||     1
       Dagger            |       |     1 |     3 |     1 ||     5
 Cast: Flame Tongue      |    26 |     5 |    67 |       ||    98
       Throw Flame       |     1 |       |       |       ||     1
       Conjure Flame     |     1 |       |    10 |       ||    11
       Sticky Flame      |       |     3 |    11 |       ||    14
       Inner Flame       |       |       |     3 |       ||     3
       Fireball          |       |       |     2 |       ||     2
       Stone Arrow       |       |       |     8 |       ||     8
       Airstrike         |       |       |    13 |     1 ||    14
       Shock             |       |       |     4 |       ||     4
  Use: Potion            |     6 |       |     4 |     1 ||    11
       Scroll            |     4 |       |     2 |       ||     6
 Stab: Sleeping          |       |     1 |       |       ||     1
  Eat: Chunk             |       |       |     2 |       ||     2
       Royal jelly       |       |       |     3 |       ||     3
Armor: Robe              |       |     1 |     3 |     1 ||     5
Dodge: Dodged            |     9 |     5 |    74 |     5 ||    93
